 Dungeon Sprint DCSS version 0.19-a0-1468-ge013c26 (webtiles) character file.

1017 LORDOFBUTT the Protected (level 8, -7/64 HPs)
             Began as a Mummy Chaos Knight on Sept 7, 2016.
             Mangled by Josephine
             ... wielding a +0 dagger of electrocution
              (10 damage)
             ... in the Dungeon (Sprint IX: "|||||||||||||||||||||||||||||").
             The game lasted 00:05:05 (23279 turns).

LORDOFBUTT the Protected (Mummy Chaos Knight)      Turns: 23279, Time: 00:05:06

Health: -7/64      AC: 12    Str: 19    XL:     8   Next: 1%
Magic:  8/8        EV: 13    Int: 14    God:    Xom [.....*]
Gold:   0          SH:  0    Dex: 13    Spells: 0 memorised, 7 levels left

rFire  x . .     SeeInvis .     s - +4 battleaxe (chaos)
rCold  + . .     Gourm    .     m - +2 ring mail
rNeg   + + +     Faith    .     (shield currently unavailable)
rPois  ∞         Spirit   .     (no helmet)
rElec  .         Dismiss  .     n - +0 cloak
rCorr  .         Reflect  .     o - +0 pair of gloves
MR     +....     Harm     .     (no boots)
Stlth  +++....... NoTele   +    (no amulet)
                                l - +3 ring of intelligence
                                a - +3 ring of strength

@: no status effects
A: no food or potions, fire vulnerability, cold resistance 1, negative energy
resistance 3, torment resistance, unbreathing
a: Renounce Religion


You were in the Dungeon.
You worshipped Xom.
You were Xom's teddy bear.
You were not hungry.

You visited 1 branch

Inventory:

Hand Weapons
 s - a +4 battleaxe of chaos (weapon)
Missiles
 f - 2 tomahawks of returning (quivered)
Armour
 b - a +2 leather armour
 m - a +2 ring mail (worn)
 n - a +0 cloak (worn)
 o - a +0 pair of gloves (worn)
Jewellery
 a - a +3 ring of strength (left hand)
 l - a +3 ring of intelligence (right hand)
Wands
 e - a wand of iceblast (7/15)
 k - a wand of iceblast (7/15)
Scrolls
 c - 3 scrolls of remove curse
 i - 2 scrolls of amnesia
 j - a scroll of blinking
Potions
 d - 5 potions of curing
 q - a potion of lignification {unknown}
Miscellaneous
 g - a fan of gales
 h - a lamp of fire
Comestibles
 r - a beef jerky


   Skills:
 + Level 6.2 Fighting
 + Level 6.5 Axes
 + Level 10.2 Armour
 + Level 4.2 Dodging
 + Level 6.8 Stealth


You had 7 spell levels left.
You didn't know any spells.

Dungeon Overview and Level Annotations

Branches:
Dungeon (1/1)

Altars:
Cheibriados
Dithmenos
Elyvilon
Fedhas
Gozag
Hepliaklqana
Kikubaaqudgha
Makhleb
Nemelex Xobeh
Okawaru
Qazlal
Ru
Sif Muna
Trog
Uskayaw
Vehumet
Xom
Yredelemnul
Zin
The Shining One
Beogh
Jiyva
Lugonu

Annotations:
D Josephine


Innate Abilities, Weirdness & Mutations

You do not eat or drink.
Your flesh is vulnerable to fire.
You are immune to poison.
Your flesh is cold resistant. (rC+)
You are immune to negative energy. (rN+++)
You are immune to unholy pain and torment.
You can survive without breathing.


Message History

Xom thinks this is hilarious!
Something hits you but does no damage.
You closely miss something. Something hits you but does no damage.
Unknown command.
You miss something. Something hits you but does no damage.
You are electrocuted!
* * * LOW HITPOINT WARNING * * *
Something hits you.
* * * LOW HITPOINT WARNING * * *
You are electrocuted!
* * * LOW HITPOINT WARNING * * *
You miss something. Something hits you but does no damage.
You closely miss something. Something hits you.
* * * LOW HITPOINT WARNING * * *
You closely miss something. Something hits you but does no damage.
Something hits you.
* * * LOW HITPOINT WARNING * * *
You are electrocuted!
You die...
Xom roars with laughter! ,, ,, , CT T ** ** * +∆∆∆∆∆∆∆∆∆∆∆∆ ∆∆∆∆∆ ∆T∆ ∆ ∆CTT∆

** * * ,,, , , w T * ** * * ,,,,
, k∆k∆∆ ∆ ∆∆∆ ** ***
▓▓▓▓▓▓▓▓▓▓▓▓▓▓▓▓▓▓▓▓▓▓▓▓ ,, ,
,...WWW{@................
▓▓▓▓▓▓▓▓▓▓▓▓▓▓▓▓▓▓▓▓▓▓▓▓▓▓▓▓▓▓▓▓▓
_____________.'!.|).....).__)..))
▓▓▓▓▓▓▓▓▓▓▓▓▓▓▓▓▓▓▓▓▓▓▓▓▓▓▓▓▓▓▓▓▓


You could see 3 wraiths.

Vanquished Creatures
  2 wraiths (D)
  A giant gecko (D)
  3 orcs (D)
  2 bats (D)
  A bat skeleton (D)
  A giant cockroach (D)
  A quokka (D)
11 creatures vanquished.

Vanquished Creatures (collateral kills)
  A hill giant (D)
  A tengu conjurer (D)
  A slime creature (D)
  A wyvern (D)
  A basilisk (D)
  An ice beast (D)
  2 crimson imps (D)
  An orc wizard (D)
  An adder zombie (D)
10 creatures vanquished.

Vanquished Creatures (others)
  A goblin (D)
  A kobold (D)
  A rat (D)
3 creatures vanquished.

Grand Total: 24 creatures vanquished

Notes
Turn   | Place    | Note
-------+----------+-------------------------------------------
     0 | D        | LORDOFBUTT the Mummy Chaos Knight began the quest for the Orb.
     0 | D        | Reached XP level 1. HP: 18/18 MP: 1/1
   101 | D        | XOM: silly message
   479 | D        | XOM is BORED!
   479 | D        | XOM: harmless Chrm miscast
   999 | D        | XOM: silly message
  1398 | D        | XOM: divination: detect creatures
  2079 | D        | XOM: divination: detect creatures
  2102 | D        | XOM: god gift: puce potion {god gift}
  2594 | D        | XOM is BORED!
  2608 | D        | XOM: scenery: 1 doors open
  2618 | D        | XOM: destruction
  2645 | D        | XOM: god gift: bone wand {god gift}
  2649 | D        | XOM: medium Tloc miscast
  3152 | D        | XOM: scenery: 1 doors close
  3737 | D        | XOM: cast spell 'Summon Butterflies'
  4036 | D        | XOM: scenery: 1 doors open
  4076 | D        | XOM: god gift: 2 tomahawks of returning
  4088 | D        | XOM: scenery: 1 doors close
  4209 | D        | XOM: cloud trail
  4965 | D        | XOM: scenery: 1 doors open
  5842 | D        | XOM: medium Tmut miscast
  6095 | D        | XOM: mild Hex miscast
  6210 | D        | XOM: harmless Fire miscast
  6316 | D        | XOM: cloud trail
  6338 | D        | XOM is BORED!
  6479 | D        | XOM: god gift: fan of gales
  6655 | D        | XOM: divination: magic mapping
  7222 | D        | XOM: harmless Tmut miscast
  7408 | D        | XOM: cast spell 'Summon Butterflies'
  7840 | D        | XOM: scenery: 1 doors close
  8171 | D        | XOM: scenery: 1 doors open
  8471 | D        | XOM: divination: magic mapping
  8513 | D        | XOM: silly message
  8840 | D        | XOM: silly message
  8846 | D        | XOM: cast spell 'Summon Butterflies'
  8881 | D        | XOM: scenery: 1 doors close
  8905 | D        | XOM is BORED!
  8905 | D        | XOM: stat loss: -2 Str (13/15)
  9132 | D        | XOM: god gift: lamp of fire
  9259 | D        | XOM: medium Hex miscast
  9785 | D        | XOM: medium Tloc miscast
  9786 | D        | Noticed a spatial vortex
  9786 | D        | Noticed a spatial vortex
  9792 | D        | XOM: cloud trail
  9794 | D        | Noticed a crimson imp
  9797 | D        | Reached skill level 2 in Armour
  9800 | D        | Reached skill level 1 in Dodging
  9809 | D        | Reached XP level 2. HP: 24/24 MP: 2/2
  9809 | D        | XOM: noise
  9822 | D        | XOM: cast spell 'Summon Dragon'
  9823 | D        | Killed a crimson imp
  9823 | D        | Reached skill level 3 in Armour
  9823 | D        | Reached skill level 1 in Stealth
  9828 | D        | Found a roughly hewn altar of Beogh.
  9828 | D        | Found a snail-covered altar of Cheibriados.
  9828 | D        | Found a shadowy altar of Dithmenos.
  9828 | D        | Found a white marble altar of Elyvilon.
  9828 | D        | Found a blossoming altar of Fedhas.
  9828 | D        | Found an opulent altar of Gozag.
  9829 | D        | Found a hazy altar of Hepliaklqana.
  9830 | D        | Found a viscous altar of Jiyva.
  9831 | D        | Found an ancient bone altar of Kikubaaqudgha.
  9832 | D        | Found a corrupted altar of Lugonu.
  9833 | D        | Found a burning altar of Makhleb.
  9834 | D        | Found a sparkling altar of Nemelex Xobeh.
  9835 | D        | Found an iron altar of Okawaru.
  9836 | D        | Found a stormy altar of Qazlal.
  9837 | D        | Found a sacrificial altar of Ru.
  9838 | D        | Found a deep blue altar of Sif Muna.
  9839 | D        | Found a bloodstained altar of Trog.
  9840 | D        | Found a hide-covered altar of Uskayaw.
  9841 | D        | Found a radiant altar of Vehumet.
  9842 | D        | Found a shimmering altar of Xom.
  9843 | D        | Found a basalt altar of Yredelemnul.
  9844 | D        | Found a glowing silver altar of Zin.
  9845 | D        | Found a glowing golden altar of the Shining One.
  9932 | D        | Noticed a crimson imp
  9932 | D        | Noticed an ice beast
  9932 | D        | Noticed a wyvern
  9936 | D        | Reached XP level 3. HP: 20/30 MP: 3/3
  9938 | D        | Reached skill level 4 in Armour
  9940 | D        | Killed an ice beast
  9940 | D        | Reached skill level 5 in Armour
  9940 | D        | Reached XP level 4. HP: 26/37 MP: 4/4
  9943 | D        | Killed a wyvern
  9943 | D        | Reached skill level 6 in Armour
  9943 | D        | Reached XP level 5. HP: 31/43 MP: 5/5
  9951 | D        | Noticed a hill giant
  9951 | D        | Noticed a basilisk
  9951 | D        | Noticed a slime creature
  9951 | D        | Noticed a tengu conjurer
  9956 | D        | Killed a hill giant
  9956 | D        | Reached skill level 5 in Fighting
  9956 | D        | Reached skill level 5 in Axes
  9956 | D        | Reached skill level 8 in Armour
  9956 | D        | Reached skill level 5 in Stealth
  9956 | D        | Reached XP level 6. HP: 38/51 MP: 6/6
  9962 | D        | Killed a basilisk
  9964 | D        | Killed a tengu conjurer
  9964 | D        | Reached skill level 9 in Armour
  9964 | D        | Reached XP level 7. HP: 45/57 MP: 7/7
  9965 | D        | Killed a slime creature
 10787 | D        | XOM: medium Pois miscast
 11745 | D        | XOM: medium Necr miscast
 12064 | D        | XOM: mild Hex miscast
 12119 | D        | XOM: harmless Hex miscast
 12293 | D        | XOM: cloud trail
 12647 | D        | XOM: god gift: emerald potion {god gift}
 12656 | D        | XOM: cloud trail
 13012 | D        | XOM is BORED!
 13012 | D        | XOM: noise
 13392 | D        | XOM is BORED!
 13392 | D        | XOM: medium Summ miscast
 13398 | D        | XOM: butterfly on damage
 13402 | D        | HP: 1/58 [small abomination[the capriciousness of Xom] (6)]
 14181 | D        | XOM: divination: detect creatures
 15106 | D        | XOM: divination: detect items
 16150 | D        | XOM: silly message
 16162 | D        | XOM: cloud trail
 16916 | D        | XOM: mild Hex miscast
 16953 | D        | XOM: god gift: beef jerky
 16956 | D        | XOM: divination: detect items
 17022 | D        | XOM: divination: detect creatures
 17150 | D        | XOM: scenery: create altars
 17236 | D        | XOM is BORED!
 18046 | D        | XOM: medium Ice miscast
 18255 | D        | XOM: noise
 18796 | D        | XOM: harmless Tloc miscast
 19397 | D        | XOM: silly message
 20030 | D        | XOM: harmless Air miscast
 21575 | D        | XOM: divination: detect creatures
 21599 | D        | XOM: silly message
 21700 | D        | XOM: silly message
 21843 | D        | XOM is BORED!
 21843 | D        | XOM: harmless Conj miscast
 22064 | D        | XOM: mild Ice miscast
 22131 | D        | XOM: mild Ice miscast
 22297 | D        | XOM: summons 3 hostile shadow creatures
 22373 | D        | XOM: mild Hex miscast
 22376 | D        | XOM: harmless Erth miscast
 22456 | D        | XOM is BORED!
 22456 | D        | XOM: noise
 22838 | D        | XOM: cloud trail
 23074 | D        | XOM: harmless Divn miscast
 23221 | D        | XOM: god gift: glowing battleaxe {god gift}
 23257 | D        | Noticed a wraith
 23259 | D        | Noticed a wraith
 23260 | D        | Noticed Josephine
 23262 | D        | Killed a wraith
 23263 | D        | Noticed a wraith
 23264 | D        | Noticed a wraith
 23265 | D        | Noticed a wraith
 23268 | D        | Killed a wraith
 23268 | D        | Reached skill level 10 in Armour
 23268 | D        | Reached XP level 8. HP: 60/64 MP: 8/8
 23279 | D        | HP: 3/64 [something (1)]
 23279 | D        | Mangled by Josephine

Vault maps used:
D:        linesprint

Skill      XL: |  1  2  3  4  5  6  7 |
---------------+----------------------+-----
Armour         | 2 3 5 6 8 9 10 | 10.2
Dodging        | 1 2 3 4 |  4.2
Axes           | 3 4 5 6 |  6.5
Stealth        | 1 3 4 5 6 |  6.8
Fighting       | 4 5 6 |  6.2

Action                   |  1- 3 |  4- 6 |  7- 9 || total
-------------------------+-------+-------+-------++-------
Melee: Hand axe          |    26 |       |       ||    26
       Broad axe         |     6 |       |    13 ||    19
       Battleaxe         |       |       |    14 ||    14
  Use: Scroll            |     1 |       |       ||     1
Armor: Leather armour    |    13 |       |       ||    13
       Ring mail         |     1 |       |    20 ||    21
Dodge: Dodged            |    22 |       |    16 ||    38
